Map: Lightshade LE

Players

SpeCial - Winner!

  • Race: Terran Terran
  • League: Master
  • Spawn Location: 5:00

TIME (Oliveira)

  • Race: Terran Terran
  • League: Grandmaster
  • Spawn Location: 11:00

Event: DreamHack SC2 Masters 2020 Winter

VOD

Have the link to the VOD?

Description

Time

  • Played on: Nov. 11, 2020, 10:34 a.m.
  • Length: 10:27

All games in this series

Show
View Real Time Build Order
Export as new Build Order

SpeCial Terran - Winner!

Build Orders: Gas First Reaper Expand 

Get SALT Encoding   

  12  0:00  SCV  
  13  0:12  SCV  
  14  0:17  Supply Depot  
  14  0:24  SCV  
  14  0:28  Refinery  
  15  0:39  SCV  
  16  0:44  Barracks  
  16  0:51  SCV  
  17  1:03  SCV  
  18  1:15  SCV  
  19  1:31  Reaper  
  19  1:32  Orbital Command  
  20  1:41  Command Center  
  20  1:50  Factory  
  20  1:58  SCV  
  21  2:02  Supply Depot  
  21  2:04  Marine  
  22  2:10  SCV  
  22  2:13  Refinery  
  23  2:23  SCV  
  23  2:25  Barracks Tech Lab  
  24  2:34  Hellion  
  24  2:35  SCV, Starport  
  27  2:47  SCV  
  28  2:54  Orbital Command  
  28  2:55  Hellion, Marine  
  31  3:02  SCV  
  32  3:14  SCV, Refinery  
  32  3:16  Raven  
  32  3:18  Hellion  
  32  3:19  SCV  
  38  3:23  Barracks Reactor  
  38  3:26  SCV  
  39  3:34  SCV  
  40  3:38  SCV  
  39  3:42  Hellion  
  39  3:52  SCV  
  39  3:54  SCV  
  40  4:01  Raven, Marine x2  
  43  4:04  SCV  
  43  4:05  Factory Tech Lab  
  43  4:06  SCV  
  43  4:08  Command Center  
  45  4:14  Supply Depot  
  45  4:16  SCV  
  46  4:27  Supply Depot  
  46  4:35  SCV x2, Marine  
  46  4:36  Refinery  
  46  4:37  Marine  
  53  4:39  Siege Tank  
  53  4:43  Supply Depot  
  53  4:47  SCV  
  53  4:48  Raven  
  53  4:49  SCV  
  53  4:52  Supply Depot  
  57  4:53  Marine  
  57  4:54  Marine  
  59  5:00  SCV  
  59  5:01  SCV  
  61  5:10  Marine  
  61  5:11  Siege Tank  
  61  5:12  SCV, Marine  
  61  5:13  SCV  
  68  5:19  Orbital Command  
  68  5:24  SCV  
  68  5:25  SCV  
  70  5:30  Supply Depot  
  70  5:37  SCV x2  
  70  5:38  Orbital Command  
  70  5:39  Marine, Liberator x2  
  79  5:43  Siege Tank  
  79  5:49  SCV  
  83  5:52  SCV  
  83  5:54  Supply Depot  
  83  5:56  Stimpack, Barracks  
  84  5:57  Marine, Barracks  
  85  6:04  Engineering Bay  
  85  6:05  SCV, Engineering Bay  
  85  6:07  SCV  
  85  6:08  SCV  
  88  6:15  Marine  
  88  6:17  SCV  
  90  6:19  SCV  
  90  6:21  Siege Tank  
  90  6:22  SCV, Supply Depot  
  95  6:28  Viking  
  95  6:29  SCV, Viking  
  95  6:31  SCV  
  101  6:32  Marine  
  101  6:39  SCV  
  103  6:41  SCV  
  103  6:42  Supply Depot, Terran Infantry Weapons Level 1  
  103  6:43  SCV, Terran Infantry Armor Level 1  
  103  6:46  Marine  
  106  6:50  Marine  
  106  6:51  SCV  
  106  6:53  Siege Tank  
  103  7:01  SCV  
  103  7:04  SCV  
  103  7:05  Viking x2  
  105  7:08  Barracks Reactor x2  
  105  7:10  Barracks x2  
  105  7:11  SCV  
  105  7:14  SCV  
  107  7:16  SCV, Refinery  
  107  7:19  Refinery  
  108  7:23  SCV  
  108  7:26  Sensor Tower  
  108  7:27  Marine  
  108  7:28  Siege Tank  
  113  7:32  SCV x2  
  113  7:36  Viking  
  117  7:40  Viking  
  119  7:44  SCV  
  119  7:45  SCV x2, Marine  
  119  7:49  Marine x2  
  125  7:53  Supply Depot  
  125  7:54  Supply Depot  
  125  7:57  Supply Depot  
  125  7:59  Supply Depot, Marine x2  
  125  8:00  SCV x2, Missile Turret  
  125  8:01  Combat Shield  
  125  8:02  Barracks Reactor x2  
  125  8:03  SCV, Marine  
  129  8:07  Marine  
  129  8:12  SCV  
  131  8:15  Siege Tank  
  131  8:16  Armory  
  134  8:20  Medivac x2  
  134  8:22  Supply Depot  
  136  8:28  Marine x2  
  136  8:31  Marine  
  136  8:33  Marine  
  136  8:34  Supply Depot  
  136  8:35  Marine  
  135  8:44  Marine  
  135  8:45  Marine  
  135  8:46  SCV, Marine  
  135  8:48  Siege Tank  
  132  8:50  Medivac x2, Marine x3  
  132  8:51  SCV  
  140  8:55  Marine x2  
  140  8:56  Marine  
  140  8:57  Supply Depot x2  
  140  9:01  Marine  
  144  9:03  Marine x2  
  144  9:05  Factory  
  144  9:07  Command Center  
  144  9:08  Marine x2  
  144  9:09  Supply Depot x2, Marine  
  148  9:13  Marine x3  
  149  9:19  Marine  
  149  9:21  Marine x2  
  152  9:26  Supply Depot, Marine x3  
  154  9:31  Marine x2  
  154  9:36  Siege Tank  
  154  9:37  Marine  
  142  9:39  Marine x2  
  142  9:43  Marine  
  142  9:44  Marine x2  
  140  9:49  Marine x2  
  142  9:53  Barracks Reactor  
  142  9:55  Marine  
  142  9:57  Marine x2  
  142  9:58  SCV x2  
  147  10:04  Marine  
  148  10:09  Marine  
  148  10:10  Sensor Tower  
Show
View Real Time Build Order
Export as new Build Order

TIME Terran 

Build Orders:  

Get SALT Encoding   

  12  0:00  SCV  
  13  0:12  SCV  
  14  0:17  Supply Depot  
  14  0:24  SCV  
  15  0:38  SCV  
  15  0:40  Barracks  
  16  0:44  Refinery  
  16  0:51  SCV  
  16  0:52  Refinery  
  17  1:03  SCV  
  18  1:15  SCV  
  19  1:28  Reaper, Orbital Command  
  19  1:29  Supply Depot  
  20  1:45  Factory  
  20  1:53  SCV  
  21  2:01  Reaper  
  22  2:06  SCV  
  23  2:19  Command Center  
  23  2:21  SCV  
  24  2:29  Hellion  
  26  2:33  Reaper  
  26  2:34  SCV  
  28  2:43  Starport  
  28  2:45  Supply Depot  
  28  2:49  SCV  
  29  2:55  Hellion  
  31  3:06  Barracks Reactor  
  31  3:07  SCV  
  32  3:17  Factory Tech Lab  
  32  3:20  Starport Tech Lab  
  32  3:22  SCV  
  33  3:32  Orbital Command  
  33  3:36  Cyclone  
  35  3:42  Marine  
  35  3:45  Marine  
  35  3:48  SCV  
  36  3:59  SCV  
  36  4:00  Marine  
  36  4:01  Raven  
  36  4:03  SCV, Marine  
  38  4:10  Command Center  
  38  4:12  SCV  
  38  4:15  SCV  
  40  4:18  Marine  
  40  4:20  Siege Tank  
  40  4:21  Marine  
  45  4:24  SCV  
  45  4:26  Supply Depot  
  45  4:28  SCV  
  47  4:36  SCV  
  48  4:40  SCV  
  48  4:43  Barracks  
  49  4:48  SCV  
  49  4:49  Barracks  
  49  4:50  Starport Reactor, Marine  
  49  4:52  SCV  
  52  4:56  Refinery  
  52  5:01  SCV, Refinery  
  52  5:04  SCV  
  54  5:10  Siege Tank  
  54  5:11  Supply Depot  
  54  5:13  SCV  
  58  5:16  SCV  
  58  5:22  Barracks Tech Lab  
  58  5:25  SCV  
  58  5:27  Viking x2  
  58  5:28  SCV, Orbital Command  
  63  5:37  SCV, Barracks Tech Lab  
  63  5:40  Stimpack, Marine  
  63  5:41  SCV  
  66  5:47  Marine x2  
  66  5:49  SCV  
  69  5:53  SCV, Supply Depot, Siege Tank  
  69  5:55  Marine  
  69  5:56  Orbital Command  
  74  5:58  Marine  
  74  6:01  SCV  
  74  6:02  Viking  
  78  6:05  Marine  
  78  6:07  Viking  
  78  6:08  SCV  
  78  6:10  Marine  
  83  6:13  Marine  
  83  6:16  Marine  
  85  6:20  SCV  
  85  6:22  SCV, Marine  
  85  6:24  SCV  
  89  6:27  Marine  
  89  6:30  Supply Depot  
  89  6:31  Marine  
  89  6:32  SCV  
  92  6:34  Engineering Bay x2  
  92  6:39  Supply Depot  
  92  6:41  SCV  
  92  6:46  Combat Shield, Marine  
  93  6:51  SCV x2, Marine, Siege Tank  
  98  6:59  Marine  
  72  7:03  Marine  
  72  7:04  Marine  
  72  7:05  Orbital Command  
  72  7:06  SCV x2  
  66  7:08  Medivac  
  66  7:09  Marine  
  66  7:17  Marine  
  66  7:19  Medivac  
  66  7:21  Marine  
  66  7:22  Terran Infantry Weapons Level 1, Terran Infantry Armor Level 1  
  70  7:23  SCV  
  70  7:25  SCV  
  70  7:27  Marine  
  74  7:31  SCV  
  74  7:35  SCV, Marine, Siege Tank  
  79  7:38  SCV  
  79  7:40  Marine  
  79  7:43  SCV  
  79  7:44  Barracks Reactor  
  82  7:45  Marine  
  82  7:47  Supply Depot  
  82  7:48  SCV  
  82  7:50  SCV  
  85  7:53  Marine  
  85  7:58  Marine  
  87  8:00  SCV x2  
  87  8:02  SCV  
  87  8:03  Medivac, Marine  
  87  8:04  Medivac  
  95  8:08  Barracks  
  95  8:09  Barracks  
  95  8:10  Siege Tank  
  95  8:11  Marine  
  95  8:12  SCV x2  
  101  8:14  SCV  
  101  8:18  Marine  
  101  8:19  Supply Depot  
  103  8:21  Marine x2  
  103  8:24  SCV  
  100  8:30  Marine  
  100  8:32  Marine  
  100  8:33  SCV  
  95  8:36  Marine  
  95  8:38  Marine x2  
  97  8:46  SCV x2  
  97  8:48  SCV, Marine  
  86  8:49  Marine  
  86  8:51  Supply Depot  
  86  8:52  Armory  
  86  8:54  Marine  
  88  8:56  Marine x2  
  88  8:58  SCV  
  88  8:59  Siege Tank  
  88  9:00  Barracks Reactor  
  88  9:01  Barracks Reactor  
  94  9:06  Marine  
  94  9:07  Medivac x2, Marine  
  100  9:10  SCV  
  100  9:12  SCV x2  
  100  9:16  Refinery, Marine  
  104  9:17  Refinery, Marine  
  104  9:24  Sensor Tower  
  105  9:26  Supply Depot, Marine x2  
  93  9:39  Marine x3  
  93  9:40  Marine x4  
  93  9:42  Siege Tank  
  93  9:43  SCV x2  
  93  9:44  Marine  
  104  9:45  Marine  
  104  9:55  Viking x2  
  104  9:57  Marine x3  
  104  9:58  Marine x2  
  104  9:59  Marine  
  114  10:03  Factory  
  114  10:07  Barracks Reactor  
Tags
 
Add a new tag
Caveats
  • Supply blocks, unpowered buildings, or Contaminate may cause inaccurate times.
  • Supply counts are checked every 10 seconds.